 Dungeon Crawl Stone Soup version 0.22-a0-162-g33bf1272b0 (webtiles) character file.

100 Sar the Sneak (level 4, 0/44 HPs)
             Began as a Naga Monk on Feb 12, 2018.
             Slain by a shadow imp (1 damage)
             ... on level 2 of the Dungeon.
             The game lasted 00:07:24 (3103 turns).

Sar the Sneak (Naga Monk)                           Turns: 3103, Time: 00:07:25

Health: 0/44       AC:  4    Str: 13    XL:     4   Next: 74%
Magic:  4/4        EV: 11    Int: 15    God:
Gold:   124        SH:  0    Dex: 15    Spells: 3/3 levels left

rFire    . . .     SeeInvis +     - Unarmed
rCold    . . .     Gourm    .   (no shield)
rNeg     . . .     Faith    .   a - +0 robe
rPois    +         Spirit   .   (no helmet)
rElec    .         Reflect  .   (no cloak)
rCorr    .         Harm     .   e - +1 pair of gloves
MR       .....                  (no barding)
Stlth    +++.......             (no amulet)
HPRegen  0.14/turn              (no ring)
MPRegen  0.09/turn              (no ring)

@: brilliant, lethally poisoned (0 -> -1), very slow
A: large, see invisible, deformed body, poison resistance, slowness 2, slow
metabolism 1, spit poison 1, AC +1
a: Spit Poison


You were on level 2 of the Dungeon.
You were hungry.

You visited 1 branch of the dungeon, and saw 3 of its levels.

You collected 124 gold pieces.


Innate Abilities, Weirdness & Mutations

You cannot wear boots.
Your serpentine skin is tough. (AC +1)
You have supernaturally acute eyesight. (SInv)
Armour fits poorly on your strangely shaped body.
Your system is resistant to poisons. (rPois)
You cover ground very slowly.
You have a slow metabolism.
You can spit poison.


   Skills:
 + Level 3.9 Fighting
 - Level 2.4 Dodging
 + Level 5.0 Stealth
 + Level 3.9 Unarmed Combat


You had 3 spell levels left.
You didn't know any spells.

Inventory:

Missiles
 c - 147 stones (quivered)
Armour
 a - a +0 robe (worn)
 e - a +1 pair of gloves (worn)
Scrolls
 f - a scroll of identify {@r1}
Books
 i - a book of Misfortune

   Spells                             Type                      Level
   a - Confusing Touch                Hexes                        1
   b - Confuse                        Hexes                        3
   c - Gell's Gravitas                Translocation                3
   d - Petrify                        Transmutation/Earth          4
   e - Metabolic Englaciation         Hexes/Ice                    5
   f - Yara's Violent Unravelling     Hexes/Transmutation          5
Comestibles
 b - 4 rations

Dungeon Overview and Level Annotations

Branches:
Dungeon (3/15)

Altars:
Gozag

Shops:
D:3 *

Annotations:
D:3 MrRokkomies's ghost, amateur BaGl

...........▒.....................
....▒▒▒▒▒▒▒▒▒▒▒▒▒▒▒▒▒▒▒▒▒▒▒▒..▒▒▒
....▒ ▒...▒ ....▒ ▒▒..▒
▒+▒.▒▒▒▒▒▒▒▒▒▒▒ ▒..▒▒
▒...).........▒▒▒▒▒▒ ▒▒..▒
▒.▒.▒..............▒ ▒...
▒.▒.▒..........5S..▒ ▒..▒
..▒.▒...........N..▒ ▒..▒
..▒.▒..............▒ ▒▒.▒
..▒.▒..............▒ ▒..
▒...▒..............▒ ▒..
▒.▒▒▒.▒▒▒▒▒▒▒......▒ ▒..
....▒...▒ ▒......▒▒▒▒▒▒▒▒ ▒..
▒▒▒.▒▒▒.▒ ▒.............▒▒▒▒▒..
........▒ ▒▒...▒▒.▒▒▒▒▒.▒......
.....▒▒▒▒ ▒...▒▒.▒.....▒.▒▒▒.▒


You could see an adder and a shadow imp.


Message History

You aren't carrying any potions!
Unknown command!
As you read the scroll labeled MOVICV VUXZOEB, it crumbles to dust!
It is a scroll of enchant armour!
Your +0 pair of gloves glows green for a moment!
The adder misses you! The shadow imp barely misses you!
You feel sick! The adder bites you! * * * don't die
* * * The adder bites you but does no damage!
Unknown command!
You aren't carrying any potions!
As you read the scroll labeled XOIWETR ALUXT, it crumbles to dust!
You feel blessed for a moment!
It was a scroll of remove curse!
The shadow imp closely misses you! The adder completely misses you!
As you read the scroll labeled ZASSIECWODIVU, it crumbles to dust!
It is a scroll of enchant weapon!
You aren't carrying any weapons that can be enchanted!
The adder bites you! * * * don't die
* * * The shadow imp hits you but does no damage!
The adder barely misses you!
As you read the scroll labeled BOS QEIR HOP, it crumbles to dust!
It is a scroll of identify!
You don't have any unidentified items!
The shadow imp hits you! rip

Action                   |  1- 3 |  4- 6 || total
-------------------------+-------+-------++-------
Melee: Unarmed           |   135 |    93 ||   228
       Punch             |     1 |     3 ||     4
Throw: Stone             |     1 |     1 ||     2
 Abil: Spit Poison       |     7 |     3 ||    10
  Use: Scroll            |       |     4 ||     4
       Potion            |       |     2 ||     2
 Stab: Sleeping          |     6 |     6 ||    12
       Distracted        |       |     1 ||     1
  Eat: Chunk             |     2 |     3 ||     5
Armor: Robe              |    35 |    28 ||    63
Dodge: Dodged            |    87 |    69 ||   156

Vault maps used:
D:1:      scummos_arrival_gate, minmay_domino_4
D:3:      nicolae_gozag_zags_fifth_avenue, trog_three_pillars_becter

Notes
Turn   | Place    | Note
-------+----------+-------------------------------------------
     0 | D:1      | Sar the Naga Monk began the quest for the Orb.
     0 | D:1      | Reached XP level 1. HP: 21/21 MP: 1/1
   305 | D:1      | Reached XP level 2. HP: 20/28 MP: 2/2
   939 | D:1      | Reached XP level 3. HP: 32/34 MP: 3/3
  1262 | D:2      | Reached skill level 4 in Stealth
  1771 | D:2      | Reached XP level 4. HP: 39/44 MP: 4/4
  2412 | D:3      | Found Gozag's Platinum Reserve.
  2970 | D:3      | Found an opulent altar of Gozag.
  3034 | D:3      | Reached skill level 5 in Stealth
  3058 | D:3      | Noticed MrRokkomies's ghost (amateur BaGl)
  3100 | D:2      | HP: 4/44 [poisoned by an adder]
  3102 | D:2      | HP: 1/44 [adder (1)]
  3103 | D:2      | Slain by a shadow imp

Vanquished Creatures
  3 adders (D:2)
  3 dart slugs (D:2)
  3 leopard geckos
  2 orcs
  8 giant cockroaches
  9 goblins
  4 hobgoblins
  7 kobolds
  A quokka (D:2)
  2 ball pythons
  4 bats
  3 frilled lizards
  12 rats
61 creatures vanquished.
